Map: Old Republic LE

Players

Lambo - Winner!

  • Race: Zerg Zerg
  • League: Grandmaster
  • Spawn Location: 1:00

ratgameplay (uThermal)

  • Race: Terran Terran
  • League: Master
  • Spawn Location: 7:00

VOD

Have the link to the VOD?

Description

Time

  • Played on: Jan. 30, 2026, 7:56 a.m.
  • Length: 12:25
Show
View Real Time Build Order
Export as new Build Order

Lambo Zerg - Winner!

Build Orders: Hatch First 

Get SALT Encoding   

  12  0:00  Drone  
  13  0:08  Drone  
  14  0:14  Extractor, Drone  
  15  0:21  Overlord  
  15  0:40  Drone  
  16  0:44  Hatchery  
  16  0:49  Drone  
  16  0:51  Drone  
  16  0:56  Drone  
  18  1:05  Extractor  
  18  1:11  Spawning Pool  
  16  1:13  Drone  
  16  1:17  Drone  
  18  1:26  Drone  
  19  1:37  Drone  
  20  1:48  Drone  
  21  1:56  Drone  
  21  1:57  Queen x2  
  21  1:58  Zergling x2  
  28  2:08  Zergling x2  
  28  2:10  Overlord  
  28  2:11  Metabolic Boost  
  28  2:31  Drone x4  
  28  2:36  Hatchery  
  31  2:40  Drone  
  31  2:42  Overlord  
  32  2:50  Queen  
  34  2:55  Drone  
  35  3:00  Zergling x2  
  35  3:04  Drone x2  
  38  3:10  Drone x5  
  38  3:11  Drone  
  44  3:17  Overlord  
  44  3:21  Overlord  
  44  3:25  Overlord  
  44  3:31  Spore Crawler  
  44  3:42  Drone x3  
  44  3:43  Queen x2  
  44  3:47  Drone x3  
  44  3:48  Drone  
  55  3:49  Drone  
  55  3:53  Drone  
  57  4:00  Drone x5  
  62  4:02  Baneling Nest  
  62  4:06  Drone  
  62  4:12  Drone x2  
  62  4:14  Queen  
  62  4:16  Overlord  
  66  4:21  Overlord  
  66  4:24  Overlord  
  66  4:28  Extractor, Zergling x2  
  66  4:31  Overlord  
  66  4:35  Queen  
  70  4:41  Zergling x10  
  70  4:44  Zergling x8  
  79  4:48  Lair  
  79  4:49  Zergling x2  
  79  4:50  Zergling x8  
  82  4:58  Queen  
  82  4:59  Drone x5  
  90  5:07  Zergling x4  
  90  5:12  Drone  
  92  5:15  Extractor  
  92  5:16  Extractor  
  92  5:18  Drone x5  
  95  5:23  Overlord  
  95  5:24  Drone x2  
  95  5:25  Drone  
  95  5:26  Hatchery  
  97  5:38  Drone  
  97  5:39  Spore Crawler  
  97  5:40  Queen, Spore Crawler  
  97  5:41  Overlord, Spore Crawler  
  97  5:45  Overlord  
  97  5:49  Zergling x18  
  106  5:52  Baneling x5  
  106  5:53  Baneling  
  106  5:58  Centrifugal Hooks  
  106  6:02  Evolution Chamber  
  106  6:03  Drone x6, Evolution Chamber  
  110  6:09  Drone x3  
  113  6:12  Drone x2  
  113  6:15  Drone  
  116  6:27  Hatchery  
  116  6:28  Hatchery, Overseer  
  116  6:30  Zergling x16  
  122  6:38  Overlord  
  122  6:39  Overlord  
  121  6:49  Overlord  
  121  6:52  Zerg Melee Weapons Level 1, Zerg Ground Armor Level 1  
  121  6:54  Baneling x3, Overlord  
  121  6:56  Overlord  
  121  7:00  Spire  
  120  7:06  Queen x2  
  122  7:09  Spore Crawler  
  122  7:10  Spore Crawler  
  122  7:12  Drone x10  
  127  7:21  Spore Crawler  
  127  7:22  Drone x5  
  128  7:26  Drone x4  
  124  7:32  Zergling x2, Queen  
  123  7:40  Zergling x8  
  123  7:42  Queen  
  130  7:50  Drone x3  
  132  7:51  Drone  
  132  7:52  Drone x2  
  135  8:02  Spore Crawler  
  134  8:07  Corruptor x5  
  134  8:11  Corruptor  
  146  8:15  Hatchery  
  146  8:16  Corruptor x2  
  131  8:40  Drone x17  
  144  8:45  Extractor  
  144  8:46  Extractor  
  141  8:51  Hatchery  
  141  8:52  Zergling x12  
  146  9:08  Hatchery, Zergling x18  
  146  9:09  Zerg Ground Armor Level 2  
  154  9:23  Infestation Pit  
  152  9:24  Drone x2  
  152  9:25  Drone  
  152  9:26  Drone x2  
  156  9:34  Zergling x28  
  170  9:40  Baneling x7  
  170  9:42  Baneling x5  
  170  9:43  Zergling x4  
  171  9:49  Baneling x4  
  171  9:53  Overlord  
  171  9:55  Zergling x2  
  171  9:56  Overlord  
  171  9:57  Overlord  
  171  10:07  Baneling  
  171  10:08  Baneling x4  
  169  10:15  Zergling x36  
  169  10:16  Zergling x10  
  193  10:21  Zergling x4  
  193  10:25  Zergling x10  
  199  10:32  Zergling x8  
  199  10:36  Baneling x7  
  199  10:41  Zergling x20  
  194  10:51  Zergling x2  
  194  10:52  Zergling x16  
  190  11:00  Zergling x28  
  190  11:03  Zergling x10  
  173  11:09  Zergling x2  
  173  11:11  Hive  
  163  11:13  Zergling x18  
  165  11:25  Zergling x18  
  165  11:30  Zergling x8  
  169  11:34  Zergling x8  
  169  11:35  Baneling x14  
  169  11:36  Baneling x13  
  169  11:38  Zergling x4  
  175  11:45  Zergling x18  
  184  11:52  Zergling x14  
  189  12:00  Zergling x18  
  198  12:03  Zergling x4  
  200  12:14  Hatchery  
Show
View Real Time Build Order
Export as new Build Order

ratgameplay Terran 

Build Orders: Reaper Expand 

Get SALT Encoding   

  12  0:00  SCV  
  13  0:12  SCV  
  14  0:16  Supply Depot  
  14  0:24  SCV  
  15  0:38  SCV  
  15  0:40  Barracks  
  16  0:42  Refinery  
  16  0:50  SCV  
  17  1:02  SCV  
  18  1:14  SCV  
  19  1:27  Reaper, Orbital Command  
  20  1:38  Command Center  
  20  1:50  Barracks  
  20  1:53  SCV  
  21  1:59  Barracks Reactor  
  21  2:05  SCV  
  22  2:08  Supply Depot  
  22  2:13  Refinery  
  22  2:17  SCV  
  22  2:22  Factory  
  23  2:30  SCV  
  23  2:36  Marine  
  23  2:37  Marine, Barracks Tech Lab  
  25  2:42  SCV  
  27  2:52  Orbital Command  
  27  2:55  SCV, Marine  
  27  2:56  Marine  
  27  2:57  Marine  
  31  3:03  Stimpack  
  31  3:07  SCV  
  32  3:15  Starport, Marine  
  33  3:21  SCV x2  
  33  3:25  Marine  
  33  3:26  Marine  
  37  3:33  SCV, Supply Depot  
  38  3:34  SCV  
  38  3:38  Factory Reactor  
  39  3:42  Marine  
  39  3:45  SCV  
  39  3:46  Marine x2, SCV  
  44  3:57  SCV, Supply Depot  
  44  3:58  SCV  
  44  4:00  Marine  
  47  4:04  Marine x2  
  49  4:15  SCV x2  
  50  4:21  Supply Depot, Medivac  
  50  4:22  Medivac, Marine  
  55  4:24  Factory Tech Lab, Marine  
  55  4:25  Marine  
  55  4:30  SCV x2, Refinery  
  59  4:32  Refinery  
  59  4:42  Command Center  
  59  4:43  SCV  
  60  4:47  SCV  
  60  4:52  Fusion Core  
  61  4:56  SCV  
  61  4:59  SCV  
  63  5:00  Starport  
  63  5:03  Supply Depot  
  63  5:04  Marine  
  63  5:05  Marine  
  65  5:08  SCV  
  65  5:11  SCV  
  65  5:13  Supply Depot  
  67  5:14  Marine  
  67  5:16  Factory Tech Lab  
  68  5:23  SCV  
  70  5:42  Battlecruiser  
  75  5:50  Battlecruiser  
  75  5:51  SCV x2  
  75  5:52  Marine  
  84  5:59  Orbital Command  
  84  6:01  Factory Tech Lab, Marine  
  84  6:03  SCV, Marine  
  87  6:06  Combat Shield  
  87  6:13  Barracks  
  87  6:15  SCV  
  88  6:20  Marine x2  
  88  6:24  Supply Depot  
  88  6:25  Supply Depot  
  90  6:26  SCV, Bunker  
  90  6:27  Marine  
  92  6:33  SCV, Orbital Command, Supply Depot  
  92  6:38  Marine  
  92  6:39  SCV  
  95  6:46  Battlecruiser, SCV  
  102  6:47  Marine x2  
  104  6:57  Battlecruiser  
  104  6:59  SCV  
  111  7:05  SCV  
  112  7:11  Marine x4  
  112  7:12  SCV  
  112  7:13  SCV, Marine  
  119  7:18  SCV  
  120  7:27  SCV  
  120  7:28  SCV, Engineering Bay, Marine  
  121  7:30  Engineering Bay, SCV  
  121  7:31  Supply Depot, Marine  
  121  7:35  Marine x2  
  125  7:40  Barracks  
  125  7:44  Barracks  
  125  7:45  Supply Depot, Bunker  
  125  7:52  Marine, SCV  
  125  7:57  Terran Infantry Armor Level 1  
  127  7:59  Marine  
  127  8:05  Medivac x2  
  130  8:08  Marine  
  130  8:12  Bunker, SCV, Marine  
  134  8:15  Marine  
  134  8:17  Marine  
  134  8:18  Terran Infantry Weapons Level 1, SCV  
  134  8:19  SCV  
  139  8:23  Marine  
  139  8:24  SCV  
  141  8:28  Siege Tank  
  141  8:31  Marine x2  
  137  8:35  Marine  
  137  8:39  Supply Depot  
  137  8:40  Barracks Reactor  
  137  8:41  Barracks Reactor  
  137  8:42  Marine, Barracks  
  137  8:43  Armory, Barracks  
  137  8:44  Barracks, Medivac  
  140  8:48  Marine, Missile Turret  
  140  8:55  Marine x2  
  137  8:57  Marine  
  137  9:00  Siege Tank  
  137  9:02  Marine  
  142  9:06  Supply Depot  
  142  9:07  Missile Turret  
  142  9:08  Marine  
  143  9:12  Sensor Tower  
  143  9:13  Marine x2  
  143  9:16  Marine  
  146  9:18  Marine  
  146  9:19  Factory  
  144  9:27  Marine  
  144  9:29  Medivac x2  
  144  9:30  Missile Turret, Marine x2  
  142  9:32  Marine  
  142  9:33  Siege Tank  
  142  9:36  Marine  
  147  9:43  Marine  
  148  9:48  Supply Depot, Marine x8  
  154  9:57  Marine  
  154  9:58  Medivac  
  157  10:00  Supply Depot  
  157  10:02  Supply Depot  
  157  10:09  Marine x3, Supply Depot, Medivac, Siege Tank  
  157  10:10  Supply Depot  
  165  10:16  Marine  
  165  10:17  Marine  
  165  10:19  Factory Tech Lab  
  165  10:20  Supply Depot  
  167  10:21  Supply Depot  
  167  10:25  Marine  
  167  10:26  Marine x2  
  170  10:31  Marine  
  170  10:32  Marine  
  170  10:34  Marine x2  
  174  10:39  Marine x2  
  174  10:40  Marine x2  
  173  10:44  Marine  
  173  10:49  Marine x2  
  169  10:51  Medivac, Marine x2  
  169  10:52  Marine x2  
  169  10:54  Siege Tank  
  173  10:57  Marine  
  173  11:00  Marine x2  
  171  11:08  Medivac, Marine  
  158  11:11  Marine  
  148  11:20  Marine x2  
  148  11:21  Medivac  
  148  11:25  Siege Tank, Marine x8  
  138  11:29  Marine  
  138  11:30  Marine  
  146  11:37  Marine  
  146  11:38  Marine  
  148  11:43  Marine  
  149  11:47  Marine  
  150  11:54  Marine x2  
  150  11:55  Marine x2  
  150  11:57  Marine x4  
  150  12:01  Marine  
Tags
 
Add a new tag
Caveats
  • Supply blocks, unpowered buildings, or Contaminate may cause inaccurate times.
  • Supply counts are checked every 10 seconds.